 Dungeon Crawl Stone Soup version 0.22-a0-456-g11ed031 (webtiles) character file.

53 DrEnzyme the Caller (level 3, 0/37 HPs)
             Began as an Octopode Wanderer on June 6, 2018.
             Slain by an iguana (6 damage)
             ... on level 2 of the Dungeon.
             The game lasted 00:02:41 (1161 turns).

DrEnzyme the Caller (Octopode Wanderer)             Turns: 1161, Time: 00:02:41

Health: 0/37       AC: 21    Str:  9    XL:     3   Next: 87%
Magic:  5/5        EV:  2    Int: 15    God:
Gold:   69         SH:  0    Dex: 13    Spells: 4/5 levels left

rFire    . . .     SeeInvis .   a - +2 hand axe
rCold    . . .     Gourm    .   (no shield)
rNeg     + + +     Faith    .   (helmet currently unavailable)
rPois    +         Spirit   .   (no amulet)
rElec    .         Reflect  .   (no ring)
rCorr    .         Harm     .   (no ring)
MR       .....     NoTele   +   (no ring)
Stlth    ++........             (no ring)
HPRegen  0.12/turn              (no ring)
MPRegen  0.09/turn              (no ring)
                                (no ring)
                                (no ring)

@: tree-form
A: almost no armour, stealthy swim, (amphibious), 8 rings, (constrict 8)
a: no special abilities


You were on level 2 of the Dungeon.
You were hungry.
You were a tree.
You visited 1 branch of the dungeon, and saw 2 of its levels.

You collected 69 gold pieces.

Inventory:

Hand Weapons
 a - a +2 hand axe (weapon)
Jewellery
 f - a +4 ring of dexterity {unknown}
Scrolls
 b - a scroll of amnesia {unknown}
 g - a scroll of teleportation {unknown}
Potions
 c - a potion of curing
 e - a potion of lignification
 h - a potion of haste {unknown}
Comestibles
 d - 3 rations
 i - a chunk of flesh


   Skills:
 + Level 2.6 Fighting
 + Level 2.0 Axes
 - Level 1.0 Throwing
 + Level 2.2 Stealth
   Level 1.0 Shields
 + Level 1.7 Spellcasting
 - Level 3.0 Summonings
   Level 1.0 Fire Magic


You had 4 spell levels left.
You knew the following spells:

 Your Spells              Type           Power        Failure   Level  Hunger
a - Summon Small Mammal   Summ           ##..         7%          1    ##.....

Your spell library contained the following spells:

 Spells                   Type           Power        Failure   Level  Hunger
 Call Canine Familiar     Summ           ##......     21%         3    ####...


Dungeon Overview and Level Annotations

Branches:
Dungeon (2/15)

Altars:


Innate Abilities, Weirdness & Mutations

You cannot wear most types of armour.
You are very stealthy in the water. (Stealth+)
((You are amphibious.))
You can wear up to eight rings at the same time.
((You can use your tentacles to constrict eight enemies at once.))
((Your skin changes colour to match your surroundings (Stealth+).))
((Your rubbery body absorbs attacks. (AC +1, EV +1)))


Message History

You closely miss the iguana.
The iguana is heavily wounded.
The iguana bites you but does no damage.
You closely miss the iguana.
The iguana is heavily wounded.
The iguana bites you.
* * * LOW HITPOINT WARNING * * *
You hit the iguana but do no damage.
The iguana is heavily wounded.
The iguana bites you but does no damage. x2
You hit the iguana.
The iguana is severely wounded.
The iguana bites you but does no damage.
You hit the iguana but do no damage.
The iguana is severely wounded.
The iguana bites you but does no damage.
You hit the iguana but do no damage.
The iguana is severely wounded.
The iguana bites you.
You die...

##....##...........
##.....#..........
#.....[.....###.###
...÷.#÷........)..#
.....#..........#.
...###..........# #
...###..........# .##.#
.#..##.....####.##......
................♣l......
##.#..#.........#.####..
##.##.#...!.....#.#
#.#..............#
#.#............#..
..........$....#.#
...S.............#
................##
#....#.....##


You could see an iguana.

Vanquished Creatures
  Terence (D:2)
  An ooze (D:1)
  A dart slug (D:1)
  2 giant cockroaches (D:2)
  3 goblins (D:1)
  4 hobgoblins
  5 kobolds
  A quokka (D:2)
  3 rats
21 creatures vanquished.

Notes
Turn   | Place    | Note
-------+----------+-------------------------------------------
     0 | D:1      | DrEnzyme the Octopode Wanderer began the quest for the Orb.
     0 | D:1      | DrEnzyme set off with: a +2 hand axe, a potion of curing, a ration
     0 | D:1      | Reached XP level 1. HP: 14/14 MP: 2/2
    40 | D:1      | Learned a level 1 spell: Summon Small Mammal
    63 | D:1      | Reached skill level 1 in Stealth
    63 | D:1      | Reached XP level 2. HP: 19/19 MP: 3/3
   761 | D:2      | Noticed Terence
   776 | D:2      | Killed Terence
   776 | D:2      | Reached XP level 3. HP: 6/25 MP: 5/5
  1161 | D:2      | Slain by an iguana

Vault maps used:
D:1:      elethiomel_arrival_infinity_welcomes_careful_drivers
D:2:      nicolae_overflow_hidden_temple, nicolae_ru_great_annihilating_truth,
          uniq_terence

Skill      XL: |  1  2  3 |
---------------+----------+-----
Stealth        | 1 2 |  2.2
Axes           | 2 |  2.0
Fighting       | |  2.6
Throwing       | |  1.0
Shields        | |  1.0
Spellcasting   | |  1.7
Summonings     | |  3.0
Fire Magic     | |  1.0

Action                   || total
-------------------------++-------
Melee: Hand axe          ||    55
       Tentacles         ||    12
       Constrict         ||     9
  Use: Potion            ||     1
 Stab: Sleeping          ||    10
Armor: Skin              ||    15
Dodge: Dodged            ||    13

Table legend:
 A = Spawn XP
 B = Non-spawn XP
 C = Spawn XP percentage of total XP
 D = Spawn monster count
 E = Non-spawn monster count
 F = Spawn count percentage of total count
 G = Total turns spent on level
                    A         B        C        D         E        F      G
               +---------+---------+-------+---------+---------+-------+---------
         Total |       0 |      76 |   0.0 |       0 |      21 |   0.0 |  1161
               +---------+---------+-------+---------+---------+-------+---------
           D:1 |       0 |      29 |   0.0 |       0 |      13 |   0.0 |  1030
           D:2 |       0 |      47 |   0.0 |       0 |       8 |   0.0 |   131
               +---------+---------+-------+---------+---------+-------+---------
